 Dungeon Crawl Stone Soup version 0.27-a0-1136-g0b992a5a9d (webtiles) character file.

Game seed: 4771406669476638976

27216 leviel the Cleaver (level 13, -3/114 HPs)
             Began as a Minotaur Fighter on May 6, 2021.
             Was the Champion of Zin.
             Slain by an ice devil (23 damage)
             ... in an ice cave.
             The game lasted 00:37:23 (21632 turns).

leviel the Cleaver (Minotaur Fighter)              Turns: 21632, Time: 00:37:25

Health: -3/114     AC: 29    Str: 27    XL:     13   Next: 3%
Magic:  18/18      EV: 11    Int:  8    God:    Zin [******]
Gold:   115        SH:  0    Dex: 11    Spells: 12/12 levels left

rFire    + . .     SeeInvis .   b - +6 war axe (spect)
rCold    . . .     Faith    .   (no shield)
rNeg     . . .     Spirit   .   F - +6 plate armour "Vydefiymi" {rF+ Str+2 Int+3}
rPois    +         Reflect  .   x - +2 hat
rElec    .         Harm     .   k - +2 cloak
rCorr    .         Rampage  .   y - +0 pair of gloves
Will     +....                  t - +0 pair of boots
Stlth    ..........             (no amulet)
HPRegen  0.29/turn              m - ring of poison resistance
MPRegen  0.16/turn              p - ring of willpower

@: reciting, on recite cooldown
A: horns 2, retaliatory headbutt
a: Renounce Religion, Recite, Vitalisation, Imprison, Sanctuary, Donate Gold


You were in an ice cave.
You worshipped Zin.
Zin was exalted by your worship.
You visited 3 branches of the dungeon, and saw 14 of its levels.
You also visited: Bailey and Ice Cave.

You collected 1549 gold pieces.
You spent 868 gold pieces at shops.
You donated 566 gold pieces to Zin.

Inventory:

Hand Weapons
 a - the +4 executioner's axe "Judoc" {freeze, rF+ SInv Stlth+}
   (You took it off an orc knight in a bailey)

   It has been specially enchanted to freeze those struck by it, causing extra
   injury to most foes and up to half again as much damage against particularly
   susceptible opponents.
   It can also slow down cold-blooded creatures.
   It protects you from fire.
   It lets you see invisible.
   It makes you more stealthy.
 b - a +6 spectral war axe (weapon)
Missiles
 A - 8 atropa-tipped darts (quivered)
Armour
 c - the -6 pair of gloves "Doeziuqo" {Rampage *Slow rElec}
   (You found it in an ice cave)

   It insulates you from electricity.
   It may slow you when you take damage.
   It bestows one free step when moving towards enemies.
 e - a +1 hat
 k - a +2 cloak (worn)
 t - a +0 pair of boots (worn)
 x - a +2 hat (worn)
 y - a +0 pair of gloves (worn)
 F - the +6 plate armour "Vydefiymi" (worn) {rF+ Str+2 Int+3}
   (You bought it in a shop on level 8 of the Dungeon)

   It affects your strength (+2).
   It affects your intelligence (+3).
   It protects you from fire.
Jewellery
 j - an amulet of the acrobat
 m - a ring of poison resistance (left hand)
 p - a ring of willpower (right hand)
 s - a +6 ring of intelligence
 z - a ring of flight
 C - a ring of willpower
Wands
 w - a wand of flame (54)
 D - a wand of charming (3)
 G - a wand of iceblast (20)
Scrolls
 l - 5 scrolls of identify
 q - 4 scrolls of teleportation
 r - a scroll of holy word
 E - a scroll of silence
Potions
 d - 2 potions of curing
 f - a potion of haste
 u - a potion of brilliance
Miscellaneous
 n - a tin of tremorstones (2/2)


   Skills:
 + Level 10.4 Fighting
 * Level 13.7 Axes
 + Level 4.2 Throwing
 + Level 11.0 Armour
 + Level 10.6 Dodging
 - Level 3.7 Shields
 + Level 9.2 Invocations
 + Level 3.8 Evocations


You had 12 spell levels left.
You didn't know any spells.
Your spell library contained the following spells:

 Spells                   Type           Power      Damage    Failure   Level
 Animate Skeleton         Necr           0%         N/A       98%         1
 Apportation              Tloc           0%         N/A       98%         1
 Beastly Appendage        Tmut           0%         N/A       98%         1
 Corona                   Hex            0%         N/A       98%         1
 Pain                     Necr           0%         1d4       98%         1
 Sandblast                Erth           0%         2d4       98%         1
 Shock                    Conj/Air       0%         1d3       98%         1
 Summon Small Mammal      Summ           0%         N/A       98%         1
 Passwall                 Tmut/Erth      0%         N/A       99%         2
 Static Discharge         Conj/Air       0%         N/A       99%         2
 Sublimation of Blood     Necr           0%         N/A       99%         2
 Wereblood                Tmut           0%         N/A       99%         2
 Confusing Touch          Hex            0%         N/A       100%        3
 Spider Form              Tmut/Pois      0%         N/A       100%        3
 Stone Arrow              Conj/Erth      0%         3d7       100%        3
 Swiftness                Air            0%         N/A       100%        3
 Tukima's Dance           Hex            0%         N/A       100%        3
 Vampiric Draining        Necr           0%         2d6       100%        3
 Airstrike                Air            0%         N/A       100%        4
 Animate Dead             Necr           0%         N/A       100%        4
 Ice Form                 Ice/Tmut       0%         N/A       100%        4
 Petrify                  Tmut/Erth      0%         N/A       100%        4
 Agony                    Necr           0%         N/A       100%        5
 Hydra Form               Tmut           0%         N/A       100%        5
 Lee's Rapid Deconstruct  Erth           0%         3d5*      100%        5
 Lightning Bolt           Conj/Air       0%         1d11      100%        5
 Metabolic Englaciation   Hex/Ice        0%         N/A       100%        5


Dungeon Overview and Level Annotations

Branches:
Dungeon (11/15)            Temple (1/1) D:5            Lair (2/6) D:10
 Bailey (visited)           IceCv (1/1)
  Swamp: Lair:2-4    Shoals: Lair:2-4     Snake: Lair:2-4    Spider: Lair:2-4
    Orc: D:9-12

Altars:
Ashenzari
Cheibriados
Dithmenos
Elyvilon
Fedhas
Gozag
Hepliaklqana
Kikubaaqudgha
Makhleb
Nemelex Xobeh
Okawaru
Qazlal
Ru
Sif Muna
Trog
Uskayaw
Vehumet
Wu Jian
Xom
Yredelemnul
Zin
The Shining One

Shops:
D:8 [


Innate Abilities, Weirdness & Mutations

You have a pair of horns on your head.
You reflexively headbutt those who attack you in melee.


Message History

Your spectral weapon hits the ice devil but does no damage.
Your spectral weapon hits the ice devil.
The ice devil hits your spectral weapon.
Your spectral weapon shares its damage with you!
The ice devil freezes your spectral weapon.
Your spectral weapon resists.
Your spectral weapon shares its damage with you!
The ice devil hits you but does no damage. x2
You barely miss the ice devil.
You headbutt the ice devil, but do no damage.
The ice devil is almost dead.
You barely miss the ice devil.
Your spectral weapon hits the ice devil!
Your spectral weapon completely misses the ice devil.
Your spectral weapon hits the ice devil but does no damage.
The ice devil hits you but does no damage.
The ice devil barely misses your spectral weapon.
The ice devil hits you but does no damage.
You slash the ice devil!
You kill the ice devil!
You slash the ice devil!
Your spectral weapon misses the ice devil.
Your spectral weapon hits the ice devil!
The reaper hits you from afar with a +1 scythe of freezing!
* * * LOW HITPOINT WARNING * * *
The reaper freezes you.
* * * LOW HITPOINT WARNING * * *
The ice devil hits your spectral weapon.
Your spectral weapon shares its damage with you!
The ice devil freezes your spectral weapon.
Your spectral weapon resists.
Your spectral weapon shares its damage with you!
* * * LOW HITPOINT WARNING * * *
You clear your throat and prepare to recite. "To the devout, Zin provideth.
From the rest..."
The ice devil is limned with silver light. x2
The ice devil hits you.
* * * LOW HITPOINT WARNING * * *
The ice devil freezes you!!
You die...

##...## # ### ##...# ##..#.§##
..## #...## § ...#... ...##
#...## §§ .....## ....# ##...##
§☼☼ .....###....# ##...# §.4○
....2.#....# ##..#
§○§○.####..##4....# ##..##
#§☼°.☼§§.4##4§@.# #..##
#○.§≈.......### ####..####
##§.°☼...#### ###.#....#.#
##..§###### ###..........#
##°§§## ####............##
##§☼○###########................#
#§.☼##...##.........#..........##
§○###.≈..§.......#.###..........#
§§.##§.§..##..###### ##........##


You could see a reaper and 2 ice devils.

Vanquished Creatures
  2 hydras
  A death knight (D:11)
  2 two-headed ogres
  A death drake (shapeshifter) (D:11)
  2 orc knights
  An oklob plant (Lair:1)
  A cyclops (D:11)
  2 manticores
  2 ice statues (IceCv)
  A gargoyle (D:11)
  3 cane toads
  An unseen horror (D:10)
  A komodo dragon (Lair:1)
  6 ice devils (IceCv)
  A hornet (D:9)
  6 slime creatures
  A shadow (D:9)
  2 wyverns (D:10)
  2 basilisks
  A wraith (D:10)
  40 yaks
  3 vampire mosquitoes (D:10)
  The ghost of Dordric the Slasher, an amateur DjGl (D:6)
  An acid dragon (D:11)
  13 water moccasins
  17 orc warriors
  A sky beast (D:6)
  3 black bears
  2 ice beasts
  8 wolves (Lair:1)
  6 ogres
  4 centaurs
  2 kobold brigands
  2 gnoll sergeants (D:7)
  3 scorpions (D:5)
  6 bullfrogs
  2 water moccasin zombies
  A water moccasin skeleton (D:5)
  6 killer bees (D:9)
  5 wights (D:8)
  A howler monkey (D:8)
  2 bullfrog zombies (D:5)
  3 centaur zombies
  8 hounds
  2 bullfrog skeletons
  4 orc priests
  A gnoll shaman (D:7)
  A centaur skeleton (D:6)
  6 iguanas
  11 orc wizards
  A hound zombie (D:5)
  A hound skeleton (D:5)
  2 howler monkey zombies (D:8)
  16 gnolls
  9 adders
  2 shadow imps
  26 white imps
  6 ufetubi
  An adder skeleton (D:5)
  A worm (D:5)
  7 dart slugs
  54 orcs
  3 ball pythons
  5 endoplasms
  5 giant cockroaches
  8 goblins
  5 hobgoblins
  20 jackals
  3 quokkas
  6 bats
  3 frilled lizards
  15 kobolds
  3 rats
406 creatures vanquished.

Vanquished Creatures (others)
  3 white imps (IceCv)
  2 ufetubi (IceCv)
  4 fungi
  26 plants
35 creatures vanquished.

Grand Total: 441 creatures vanquished

Notes
Turn   | Place    | Note
-------+----------+-------------------------------------------
     0 | D:1      | leviel the Minotaur Fighter began the quest for the Orb.
     0 | D:1      | Reached XP level 1. HP: 19/19 MP: 0/0
   245 | D:1      | Reached XP level 2. HP: 27/27 MP: 1/1
   341 | D:1      | Found a faded altar of an unknown god.
   436 | D:1      | Reached skill level 3 in Axes
  1126 | D:2      | Identified Wiagry's Papyrus of Sinister Enchantment
  1130 | D:2      | Reached XP level 3. HP: 30/33 MP: 2/2
  1320 | D:2      | Reached skill level 4 in Axes
  1799 | D:2      | Reached XP level 4. HP: 39/41 MP: 3/3
  2613 | D:4      | Reached skill level 5 in Axes
  2615 | D:4      | Reached XP level 5. HP: 32/47 MP: 4/4
  2624 | D:4      | Reached skill level 5 in Fighting
  3044 | D:4      | Found a broken altar of Ashenzari.
  3400 | D:4      | Reached skill level 6 in Axes
  3617 | D:5      | Entered Level 5 of the Dungeon
  3654 | D:5      | Reached XP level 6. HP: 49/56 MP: 5/5
  3771 | D:5      | Reached skill level 7 in Axes
  4135 | D:5      | Reached XP level 7. HP: 57/63 MP: 6/6
  4397 | D:5      | Reached skill level 8 in Axes
  4701 | D:5      | Found a staircase to the Ecumenical Temple.
  4872 | D:5      | Reached skill level 9 in Axes
  4886 | D:5      | Reached XP level 8. HP: 68/73 MP: 7/7
  5324 | D:5      | Reached skill level 10 in Axes
  5664 | Temple   | Entered the Ecumenical Temple
  5855 | Temple   | Became a worshipper of Zin the Law-Giver
  5855 | Temple   | Reached * piety under Zin
  5855 | Temple   | Reached ** piety under Zin
  5991 | D:6      | Reached skill level 11 in Axes
  6174 | D:6      | Found a runed translucent door.
  6174 | D:6      | Noticed Dordric's ghost (amateur DjGl)
  6187 | D:6      | Killed Dordric's ghost
  6188 | D:6      | Reached XP level 9. HP: 69/82 MP: 8/8
  6348 | D:6      | Reached *** piety under Zin
  6705 | D:6      | Reached skill level 1 in Invocations
  7394 | D:6      | Reached skill level 5 in Invocations
  8832 | D:7      | Identified the +1 leather armour of Jistano {rElec rC+
                  | Slay-5}
  9035 | D:7      | Reached XP level 10. HP: 60/91 MP: 14/14
  9269 | D:7      | Reached **** piety under Zin
  9474 | D:8      | Reached skill level 5 in Armour
  9864 | D:8      | Found a flagged portal.
  9879 | Bailey   | Entered a bailey
 10989 | Bailey   | HP: 1/91 [orc warrior/bolt (10)]
 11719 | Bailey   | Identified the +4 executioner's axe "Judoc" {freeze, rF+
                  | SInv Stlth+}
 11719 | Bailey   | Noticed an orc knight
 11729 | Bailey   | Killed an orc knight
 12012 | D:8      | Zin protects you from harm!
 12421 | D:8      | Donated 412 gold pieces to Zin
 12575 | D:8      | Reached skill level 1 in Dodging
 12881 | D:8      | Reached XP level 11. HP: 84/97 MP: 16/16
 13068 | D:8      | Found Dekhlia's Antique Armour Shop.
 13170 | D:8      | Reached skill level 5 in Dodging
 13247 | D:8      | Reached ***** piety under Zin
 13358 | D:8      | Reached ****** piety under Zin
 13635 | D:9      | Identified the +2 robe of Imperfection {+Blink}
 13838 | D:9      | Identified the +11 glaive "Xejiuq" {vorpal, rCorr}
 14836 | D:10     | Entered Level 10 of the Dungeon
 14870 | D:10     | Reached skill level 12 in Axes
 14876 | D:10     | Reached skill level 1 in Throwing
 14879 | D:10     | Reached skill level 1 in Evocations
 14892 | D:10     | Reached skill level 10 in Armour
 14897 | D:10     | Found a staircase to the Lair.
 15239 | D:10     | Noticed a two-headed ogre
 15247 | D:10     | Killed a two-headed ogre
 15825 | D:10     | Reached XP level 12. HP: 102/105 MP: 17/17
 15974 | D:11     | Noticed a two-headed ogre
 15981 | D:11     | Killed a two-headed ogre
 16312 | D:11     | Reached skill level 10 in Dodging
 16642 | D:11     | Noticed a death knight
 16676 | D:11     | Killed a death knight
 17112 | D:11     | Noticed a six-headed hydra
 17122 | D:11     | Killed a nine-headed hydra
 17593 | D:11     | Reached skill level 13 in Axes
 17598 | D:11     | Reached skill level 10 in Fighting
 17745 | Lair:1   | Entered Level 1 of the Lair of Beasts
 17822 | Lair:1   | Noticed a five-headed hydra
 18235 | D:8      | Bought a faintly humming plate armour for 868 gold pieces
 18235 | D:8      | Identified the +6 plate armour "Vydefiymi" {rF+ Str+2
                  | Int+3} (You bought it in a shop on level 8 of the Dungeon)
 18482 | D:10     | Killed a ten-headed hydra
 20441 | Lair:2   | Found the +7 Kryia's mail coat {PotionHeal*2 rC+}
 20484 | Lair:2   | Found a frozen archway.
 20529 | IceCv    | Entered an ice cave
 20862 | IceCv    | Identified the -6 pair of gloves "Doeziuqo" {Rampage *Slow
                  | rElec}
 21162 | IceCv    | Reached XP level 13. HP: 33/114 MP: 18/18
 21625 | IceCv    | Noticed a reaper
 21632 | IceCv    | Slain by an ice devil

Illustrated notes

Levels and vault maps discovered:
D:1:      minmay_arrival_open_corners, layout_loops_corners,
          ebering_ecumenical_altar_sacrificial
D:2:      layout_loops_ring
D:3:      layout_loops_ring
D:4:      layout_basic, ashenzari_conservatory_becter
D:5:      minmay_polygon_palace, layout_basic, minmay_temple_entry_fiery,
          minmay_diced_spiral
D:6:      layout_basic, gammafunk_ghost_grave, kennysheep_generic_room_15
D:7:      layout_cave_pools, serial_gnoll_camp, gnoll_camp_mini_hut,
          gnoll_camp_mini_house, gnoll_camp_mini_doghouse, gnoll_camp_mini_hut,
          gnoll_camp_medium_01
D:8:      minmay_goldmine, layout_rooms, serial_shops, nicolae_shop_crystal,
          enter_bailey_4
D:9:      layout_loops_ring
D:10:     layout_basic, minmay_lair_entry_grove
D:11:     layout_gridville, kb_rosetta
Temple:   minmay_crystal_snake_temple
Lair:1:   layout_cave_pods, serial_bayou_shore_a, minmay_lair_oklob_chamber,
          grunt_megastairs_3
Lair:2:   layout_gridlike, minmay_shoals_entry_centaurs,
          portal_ice_cave_entry_imps, nzn_sisyphean_effort
IceCv:    ice_cave_small_demon

Skill      XL: |  1  2  3  4  5  6  7  8  9 10 11 12 |
---------------+-------------------------------------+-----
Axes           | 3 4 5 6 7 9 11 12 13 | 13.7
Fighting       | 4 5 6 7 8 9 10 | 10.4
Invocations    | 7 8 9 |  9.2
Armour         | 9 10 11 | 11.0
Dodging        | 4 9 10 | 10.6
Throwing       | 2 4 |  4.2
Evocations     | 1 3 |  3.8
Shields        | |  3.7

Action                   |  1- 3 |  4- 6 |  7- 9 | 10-12 | 13-15 || total
-------------------------+-------+-------+-------+-------+-------++-------
Melee: War axe           |    83 |   150 |   279 |   189 |    13 ||   714
       Headbutt          |    15 |    32 |    59 |   118 |     2 ||   226
       Executioner's axe |       |       |       |   376 |       ||   376
Throw: Boomerang         |       |       |    61 |    11 |       ||    72
       Dart              |       |       |       |     1 |       ||     1
Invok: Recite            |       |       |     2 |     6 |     1 ||     9
       Vitalisation      |       |       |     1 |     5 |       ||     6
       Donate Gold       |       |       |       |     1 |       ||     1
       Imprison          |       |       |       |     1 |       ||     1
Evoke: Wand              |       |       |       |    12 |       ||    12
  Use: Potion            |       |       |     1 |    12 |     1 ||    14
       Scroll            |       |       |       |    29 |     1 ||    30
 Stab: Confused          |       |       |       |     1 |       ||     1
       Paralysed         |       |       |       |     1 |       ||     1
       Distracted        |       |       |       |     1 |       ||     1
Armor: Scale mail        |    38 |    70 |   101 |   242 |       ||   451
       Plate armour      |       |       |       |    80 |    16 ||    96
Dodge: Dodged            |    28 |    48 |    91 |   450 |     3 ||   620
Block: Kite shield       |    46 |    87 |   135 |   104 |       ||   372

Table legend: (Time is in decaauts)
 A = Elapsed time spent in this place.
 B = Non-inter-level travel time spent in this place.
 C = Inter-level travel time spent in this place.
 D = Time resting spent in this place.
 E = Time spent auto-exploring this place.
 F = Levels seen in this place.
 G = Mean time per level.
                   A        B        C        D        E       F      G
               +--------+--------+--------+--------+--------+-----+--------+
         Total |  21949 |  21151 |    798 |   8224 |   9767 |  16 | 1371.8 |
       Dungeon |  16719 |  16017 |    702 |   5622 |   8181 |  11 | 1519.9 |
        Temple |    226 |    169 |     57 |      0 |    167 |   1 |  226.0 |
          Lair |   1905 |   1867 |     38 |    503 |   1074 |   2 |  952.5 |
        Bailey |   2005 |   2005 |      0 |   1245 |    263 |   1 | 2005.0 |
      Ice Cave |   1093 |   1093 |      0 |    853 |     81 |   1 | 1093.0 |
               +--------+--------+--------+--------+--------+-----+--------+

Top non-repeatable levels by time:
     D:5: 2134 daAuts
    D:10: 2078 daAuts
     D:6: 2070 daAuts
  Bailey: 2005 daAuts
     D:7: 1938 daAuts
  Lair:1: 1727 daAuts
     D:8: 1635 daAuts
     D:9: 1614 daAuts
    D:11: 1539 daAuts
   IceCv: 1093 daAuts
     D:4: 1085 daAuts
     D:2: 960 daAuts
     D:1: 947 daAuts
     D:3: 712 daAuts
  Temple: 226 daAuts
